 Dungeon Crawl Stone Soup version 0.27-a0-40-g5f2be0e231 (webtiles) character file.

Game seed: 1710042524246844065

79 Borgoz the Cutter (level 4, 0/45 HPs)
             Began as a Halfling Gladiator on Jan 6, 2021.
             Slain by a gnoll
             ... wielding a +0 whip
              (2 damage)
             ... on level 2 of the Dungeon.
             The game lasted 00:01:23 (1275 turns).

Borgoz the Cutter (Halfling Gladiator)              Turns: 1275, Time: 00:01:23

Health: 0/45       AC:  6    Str: 15    XL:     4   Next: 64%
Magic:  13/13      EV: 16    Int:  6    God:
Gold:   6          SH:  0    Dex: 16    Spells: 3/3 levels left

rFire    . . .     SeeInvis .   a - +0 rapier
rCold    . . .     Faith    .   (shield restricted)
rNeg     . . .     Spirit   .   b - +0 leather armour
rPois    .         Reflect  .   c - +0 helmet
rElec    .         Harm     .   (no cloak)
rCorr    .         Rampage  .   (no gloves)
Will     .....                  h - +1 pair of boots
Stlth    ..........             (no amulet)
HPRegen  0.15/turn              g - ring of magical power
MPRegen  0.13/turn              (no ring)

@: berserking (expiring), very quick
A: small, mutation resistance 1
a: no special abilities


You were on level 2 of the Dungeon.
You visited 1 branch of the dungeon, and saw 2 of its levels.

You collected 6 gold pieces.

Inventory:

Hand Weapons
 a - a +0 rapier (weapon)
Missiles
 d - 3 throwing nets (quivered)
Armour
 b - a +0 leather armour (worn)
 c - a +0 helmet (worn)
 h - a +1 pair of boots (worn)
Jewellery
 g - a ring of magical power (left hand)
Scrolls
 e - 3 scrolls of identify {unknown}
 f - 2 scrolls of teleportation {unknown}
 j - a scroll of random uselessness {unknown}
 k - a scroll of fear {unknown}


   Skills:
 * Level 2.8 Fighting
 + Level 4.1 Short Blades
 - Level 2.0 Throwing
 + Level 1.5 Armour
 + Level 3.8 Dodging
 + Level 0.9 Stealth


You had 3 spell levels left.
You didn't know any spells.
Your spell library was empty.

Dungeon Overview and Level Annotations

Branches:
Dungeon (2/15)

Altars:


Innate Abilities, Weirdness & Mutations

You are small and have problems with some larger weapons.
You are somewhat resistant to further mutation.


Message History

The gnoll is severely wounded.
The kobold hits you but does no damage.
A frilled lizard comes into view.
The frilled lizard hisses angrily.
You puncture the gnoll!
You kill the gnoll!
The worm misses you. The gnoll misses you.
The kobold hits you but does no damage.
You puncture the gnoll!
The gnoll is severely wounded.
You barely miss the gnoll.
The gnoll is severely wounded.
The gnoll misses you. The gnoll closely misses you.
The kobold closely misses you. The gnoll hits you with a +0 club.
* * * LOW HITPOINT WARNING * * *
The worm misses you.
You puncture the gnoll!
You kill the gnoll!
The gnoll hits you with a +0 whip.
You die...

.........##..
#............
#.........l..
#....[.......
.###............
...[ ...........
...###w)g.#....
#.#..g@K......
###
#......###.###
...##.[#..####.##
..............w.
............!.##
..##..........#
#...........#
#..†........#
#...........#


You could see a worm, 2 gnolls, a kobold and a frilled lizard.

Vanquished Creatures
  2 gnolls (D:2)
  An ooze (D:1)
  A worm (D:2)
  3 dart slugs
  A leopard gecko (D:1)
  7 bats
  A giant cockroach (D:1)
  6 goblins (D:1)
  5 hobgoblins
  12 jackals (D:1)
  3 kobolds (D:1)
  A quokka (D:2)
  A ball python (D:1)
  7 rats (D:1)
51 creatures vanquished.

Notes
Turn   | Place    | Note
-------+----------+-------------------------------------------
     0 | D:1      | Borgoz the Halfling Gladiator began the quest for the Orb.
     0 | D:1      | Reached XP level 1. HP: 14/14 MP: 1/1
   114 | D:1      | Reached XP level 2. HP: 18/19 MP: 2/2
   394 | D:1      | Reached skill level 1 in Armour
   394 | D:1      | Reached XP level 3. HP: 24/24 MP: 3/3
   585 | D:1      | Reached skill level 4 in Short Blades
   876 | D:1      | Reached XP level 4. HP: 20/30 MP: 4/4
  1274 | D:2      | HP: 2/45 [gnoll/+0 club (3)]
  1275 | D:2      | Slain by a gnoll

Illustrated notes

Levels and vault maps discovered:
D:1:      dpeg_arrival_signposts, layout_basic
D:2:      layout_rooms

Skill      XL: |  1  2  3 |
---------------+----------+-----
Fighting       | 2 |  2.8
Armour         | 1 |  1.5
Short Blades   | 4 |  4.1
Throwing       | |  2.0
Dodging        | |  3.8
Stealth        | |  0.9

Action                   |  1- 3 |  4- 6 || total
-------------------------+-------+-------++-------
Melee: Rapier            |   112 |    45 ||   157
  Use: Potion            |       |     1 ||     1
 Stab: Sleeping          |     1 |       ||     1
Armor: Leather armour    |    35 |    14 ||    49
Dodge: Dodged            |   140 |    52 ||   192

Table legend: (Time is in decaauts)
 A = Elapsed time spent in this place.
 B = Non-inter-level travel time spent in this place.
 C = Inter-level travel time spent in this place.
 D = Time resting spent in this place.
 E = Time spent auto-exploring this place.
 F = Levels seen in this place.
 G = Mean time per level.
                   A        B        C        D        E       F      G
               +--------+--------+--------+--------+--------+-----+--------+
         Total |   1271 |   1243 |     28 |     60 |    906 |   2 |  635.5 |
       Dungeon |   1271 |   1243 |     28 |     60 |    906 |   2 |  635.5 |
               +--------+--------+--------+--------+--------+-----+--------+

Top non-repeatable levels by time:
     D:1: 1225 daAuts
     D:2: 46 daAuts
